 Dungeon Crawl Stone Soup version 0.24-a0-169-g71aafec (webtiles) character file.

Game seed: 4079805187785639974

56553 Ijustatesigmund the Fighter (level 14, -14/92 HPs)
             Began as a Gargoyle Fighter on Mar 7, 2019.
             Was a High Priest of the Shining One.
             Demolished by an enormous slime creature (59 damage)
             ... on level 5 of the Lair of Beasts.
             The game lasted 00:53:17 (15839 turns).

Ijustatesigmund the Fighter (Gargoyle Fighter)     Turns: 15839, Time: 00:53:18

Health: -14/92     AC: 37    Str: 21    XL:     14   Next: 82%
Magic:  22/22      EV: 16    Int: 12    God:    the Shining One [*****.]
Gold:   935        SH: 23    Dex: 19    Spells: 13/13 levels left

rFire    + + +     SeeInvis .   a - +8 morningstar of Xastrir {freeze, rC+}
rCold    + + +     Gourm    .   c - +0 shield
rNeg     + + +     Faith    .   G - +4 chain mail {rF+}
rPois    ∞         Spirit   .   m - +2 helmet
rElec    +         Reflect  .   n - +1 cloak
rCorr    +         Harm     .   H - +2 pair of gloves
MR       +....                  (no boots)
Stlth    ..........             b - amulet of regeneration
HPRegen  0.65/turn              R - ring of protection from cold
MPRegen  0.18/turn              r - ring "Moepun" {rElec rPois rF+ Dex+2}

@: agile, divine shield, resistant, glowing, studying Conjurations
A: big wings, talons 1, molten scales 1, negative energy resistance 1,
electricity resistance, strong 1, unbreathing, petrification resistance, rot
immunity, AC +10
a: Fly, Divine Shield, Cleansing Flame, Summon Divine Warrior, Renounce Religion


You were on level 5 of the Lair of Beasts.
You worshipped the Shining One.
The Shining One was extremely pleased with you.
You were not hungry.

You visited 3 branches of the dungeon, and saw 19 of its levels.
You also visited: Bailey, Ice Cave and Volcano.

You collected 1969 gold pieces.
You spent 1034 gold pieces at shops.

Inventory:

Hand Weapons
 a - the +8 morningstar of Xastrir (weapon) {freeze, rC+}
   (You found it on level 7 of the Dungeon)

   It has been specially enchanted to freeze those struck by it, causing extra
   injury to most foes and up to half again as much damage against particularly
   susceptible opponents.
   It can also slow down cold-blooded creatures.
   It protects you from cold.
 h - a +3 flail of freezing
Missiles
 e - 7 javelins (quivered)
Armour
 c - a +0 shield (worn)
 j - the +1 cloak of Grot {rF- MP+9 Str+4}
   (You found it in a bailey)

   It affects your strength (+4).
   It makes you vulnerable to fire.
   It affects your magic capacity (+9).
 m - a +2 helmet (worn)
 n - a +1 cloak (worn)
 G - a +4 chain mail of fire resistance (worn)
 H - a +2 pair of gloves (worn)
 L - a +0 hat of magic resistance
Jewellery
 b - an amulet of regeneration (around neck)
 r - the ring "Moepun" (right hand) {rElec rPois rF+ Dex+2}
   (You found it on level 3 of the Lair of Beasts)

   [ring of protection from fire]

   It affects your dexterity (+2).
   It protects you from fire.
   It insulates you from electricity.
   It protects you from poison.
 s - the ring of Xom's Recklessness {Fire +Blink MR+ Dex-2}
   (You found it on level 10 of the Dungeon)

   [ring of fire]

   It enhances your fire magic.
   It affects your dexterity (-2).
   It protects you from fire.
   It makes you vulnerable to cold.
   It affects your resistance to hostile enchantments.
   It lets you blink.
 y - an uncursed amulet of faith
 R - a ring of protection from cold (left hand)
Wands
 x - a wand of disintegration (14)
 z - a wand of enslavement (7)
 E - a wand of iceblast (13)
 O - a wand of paralysis (23)
 P - a wand of flame (18)
Scrolls
 k - 6 scrolls of fog
 o - 11 scrolls of remove curse
 p - 4 scrolls of enchant weapon
 q - 6 scrolls of amnesia
 u - 7 scrolls of teleportation
 v - a scroll of immolation
 w - 2 scrolls of fear
 A - 10 scrolls of identify
 B - a scroll of magic mapping
 K - a scroll of brand weapon
 M - a scroll of blinking
 S - a scroll of enchant armour
Potions
 d - 5 potions of brilliance
 g - 5 potions of curing
 i - 4 potions of mutation
 l - a potion of magic
 C - a potion of might
 D - a potion of cancellation
 F - a potion of berserk rage
 I - a potion of resistance
 J - a potion of heal wounds {unknown}
 N - a potion of ambrosia {unknown}
Books
 Q - a manual of Conjurations
Comestibles
 f - 44 rations


   Skills:
 + Level 12.8 Fighting
 + Level 12.7 Maces & Flails
 + Level 10.7 Armour
 - Level 6.1 Dodging
 - Level 9.1 Shields
 + Level 11.8 Invocations
 - Level 6.6 Evocations


You had 13 spell levels left.
You didn't know any spells.
Your spell library contained the following spells:

 Spells                   Type           Power        Failure   Level  Hunger
 Confusing Touch          Hex            #.....       99%         1    ##.....
 Corona                   Hex            #......      99%         1    ##.....
 Magic Dart               Conj           #...         99%         1    ##.....
 Summon Butterflies       Summ           #.......     99%         1    ##.....
 Ensorcelled Hibernation  Hex/Ice        #.....       100%        2    ###....
 Searing Ray              Conj           #.....       100%        2    ###....
 Call Canine Familiar     Summ           #.......     100%        3    ####...
 Confuse                  Hex            #.......     100%        3    ####...
 Dazzling Spray           Conj/Hex       #.....       100%        3    ####...
 Gell's Gravitas          Tloc           #.........   100%        3    ####...
 Tukima's Dance           Hex            #.......     100%        3    ####...
 Force Lance              Conj/Tloc      #.......     100%        4    #####..
 Fulminant Prism          Conj/Hex       #.........   100%        4    #####..
 Iskenderun's Mystic Bla  Conj           #.......     100%        4    #####..
 Petrify                  Tmut/Erth      #.......     100%        4    #####..
 Summon Ice Beast         Ice/Summ       #.......     100%        4    #####..
 Summon Lightning Spire   Summ/Air       #.......     100%        4    #####..
 Metabolic Englaciation   Hex/Ice        #.........   100%        5    ######.
 Silence                  Hex/Air        #.........   100%        5    ######.
 Summon Mana Viper        Hex/Summ       #.......     100%        5    ######.
 Yara's Violent Unravell  Hex/Tmut       #.........   100%        5    ######.
 Conjure Ball Lightning   Conj/Air       #.........   100%        6    #######
 Deflect Missiles         Chrm/Air       #.........   100%        6    #######
 Summon Hydra             Summ           #.........   100%        7    #######
 Tornado                  Air            #.........   100%        9    #######


Dungeon Overview and Level Annotations

Branches:
Dungeon (13/15)            Temple (1/1) D:6            Lair (5/6) D:9
 Shoals (0/4) Lair:2       Spider (0/4) Lair:2        Slime (0/5) Lair:5
    Orc (0/2) D:10         Vaults (0/5) D:13

Altars:
Ashenzari
Cheibriados
Dithmenos
Elyvilon
Fedhas
Gozag
Hepliaklqana
Kikubaaqudgha
Makhleb
Nemelex Xobeh
Okawaru
Qazlal
Ru
Sif Muna
Trog
Uskayaw
Vehumet
Wu Jian
Xom
Yredelemnul
Zin
The Shining One
Jiyva

Shops:
D:5 *   D:6 (}*%:   D:10 [

Portals:
Trove: D:11 (give +5 demon blade)

Annotations:
Lair:5 kal9871's ghost, journeyman FoFi


Innate Abilities, Weirdness & Mutations

You are resistant to torment.
Your stone body is resilient. (AC +10)
You are immune to poison.
Your large and strong wings let you fly indefinitely.
You resist negative energy. (rN+)
You are resistant to electric shocks. (rElec)
You can survive without breathing.
You are immune to petrification.
You are immune to rotting.
You have sharp toenails.
You are partially covered in molten scales. (AC +2)
Your muscles are strong. (Str +2)


Message History

Your kick misses the enormous slime creature.
The enormous slime creature is severely wounded.
The enormous slime creature barely misses you.
You completely miss the enormous slime creature.
The enormous slime creature is severely wounded.
The enormous slime creature hits you!!
You feel agile all of a sudden.
The enormous slime creature barely misses you.
You impale the enormous slime creature!!
You freeze the enormous slime creature!
Your kick misses the enormous slime creature.
The enormous slime creature is severely wounded.
The enormous slime creature hits you but does no damage.
Kal9871's ghost ripples.
You hit the enormous slime creature. You freeze the enormous slime creature.
You claw the enormous slime creature.
The enormous slime creature is severely wounded.
The enormous slime creature hits you!!!
Ouch! That really hurt!
You die...

#P.....####..........###...
..###......#.##..........####..
......†.....###..........P# #..
............#..#P.......### #..
##.........†.#####....### ###.
##..........# ###### ##.#.
#.........J## ### #....
#.........JWJ## ######.###....
.......##''J##@# #.##....##...#
?.....##.....#####.......P...#.
.....#....)..##P.........†.#..
.P #.......#.........÷#P##..
#.......#..........####..
##./!$(##.........## ##..
##|_?##..........## #...
#..........(####..
#P..........P##.#.


You could see an enormous slime creature, a death ooze, 2 jellies and kal9871's
ghost.

Vanquished Creatures
  A frost giant (IceCv)
  A death ooze (Lair:5)
  A fire dragon (Lair:5)
  The ghost of Duffy the Cleaver, a journeyman NaGl of the Shining One (D:10)
  Harold (D:7)
  A centaur warrior (D:13)
  2 death yaks (IceCv)
  8 two-headed ogres
  An ogre mage (Volcano)
  A skeletal warrior (D:13)
  The ghost of Duffy the Cleaver, a novice NaGl (D:6)
  An unseen horror (D:11)
  A hell knight (Volcano)
  An orc knight (D:13)
  A wolf spider zombie (D:13)
  Pikel (D:4)
  2 manticores
  A necromancer (Lair:4)
  2 ugly things
  3 oklob plants (Lair:3)
  Maurice (D:9)
  An ice statue (IceCv)
  Joseph (D:7)
  3 black mambas
  A merfolk siren (Lair:2)
  6 spiny frogs
  10 rime drakes
  5 komodo dragons
  4 yaktaurs (D:13)
  4 trolls
  12 polar bears (IceCv)
  3 merfolk (Lair:2)
  3 hornets
  3 slime creatures (D:13)
  9 blink frogs (Lair:5)
  2 centaur simulacra
  3 hippogriffs
  2 shadows
  A wraith (D:12)
  A spriggan (D:7)
  3 basilisks
  A redback (Lair:2)
  The ghost of nikopol the Chopper, an amateur HOFi (D:3)
  42 yaks
  The ghost of Lanoc the Shield-Bearer, an amateur FoFi of Uskayaw (D:3)
  The ghost of Lanoc the Shield-Bearer, an amateur FoFi (D:3)
  2 wyverns (D:13)
  3 vampire mosquitoes (D:12)
  9 steam dragons
  A soldier ant (D:12)
  2 acid dragons
  10 water moccasins
  10 porcupines
  2 black bears (D:7)
  An eye of draining (D:11)
  A phantom (D:12)
  4 ice beasts (D:10)
  6 ogres
  3 sky beasts
  2 slaves (D:4)
  2 necrophages
  7 orc warriors
  2 elephant zombies (Lair:4)
  16 wolves (IceCv)
  3 centaurs
  9 crocodiles
  A big kobold (D:10)
  A wyvern zombie (D:9)
  13 bullfrogs
  5 scorpions
  13 killer bees
  An electric eel (Lair:4)
  5 wights (D:11)
  5 howler monkeys
  5 crimson imps
  5 centaur zombies
  A quasit (D:9)
  A bullfrog zombie (D:7)
  6 hounds
  3 jellies
  A wyvern simulacrum (D:10)
  8 centaur skeletons
  7 orc priests
  3 bullfrog skeletons
  A gnoll shaman (D:8)
  12 orc wizards
  Terence (D:2)
  5 hell rats (Lair:5)
  11 worker ants
  3 iguanas
  A bullfrog simulacrum (D:10)
  A crocodile zombie (Lair:4)
  A hound zombie (D:4)
  A hound skeleton (D:4)
  A worker ant zombie (D:4)
  A howler monkey zombie (D:4)
  8 gnolls
  8 adders
  2 howler monkey skeletons (D:4)
  A shadow imp (D:5)
  3 white imps (D:10)
  3 oozes
  2 adder zombies
  An adder skeleton (D:5)
  5 worms
  3 dart slugs
  A leopard gecko (D:1)
  64 orcs
  3 ball pythons
  5 giant cockroaches
  4 goblins
  5 hobgoblins
  10 jackals
  3 quokkas
  12 bats
  8 frilled lizards
  A giant cockroach zombie (D:4)
  12 kobolds
  2 leopard gecko zombies (D:4)
  A quokka zombie (D:7)
  8 rats
  3 plants
552 creatures vanquished.

Vanquished Creatures (others)
  A rime drake (Lair:5)
  A wolf (IceCv)
  An orc wizard (D:13)
  A quokka (D:7)
  A bush (D:9)
  5 fungi
  7 plants
17 creatures vanquished.

Grand Total: 569 creatures vanquished

Notes
Turn   | Place    | Note
-------+----------+-------------------------------------------
     0 | D:1      | Ijustatesigmund the Gargoyle Fighter began the quest for
                  | the Orb.
     0 | D:1      | Reached XP level 1. HP: 14/14 MP: 1/1
   152 | D:1      | Found a sparkling altar of Nemelex Xobeh.
   169 | D:1      | Reached XP level 2. HP: 14/19 MP: 2/2
   355 | D:1      | Reached XP level 3. HP: 24/24 MP: 3/3
   693 | D:2      | Reached XP level 4. HP: 27/29 MP: 4/4
   809 | D:2      | Noticed Terence
   824 | D:2      | Killed Terence
   974 | D:2      | Found a deep blue altar of Sif Muna.
   975 | D:2      | Found a sacrificial altar of Ru.
  1490 | D:3      | Reached XP level 5. HP: 29/34 MP: 5/5
  1834 | D:3      | Found a runed translucent gate.
  1834 | D:3      | Found a runed translucent gate.
  1835 | D:3      | Found a runed translucent gate.
  1837 | D:3      | Reached skill level 5 in Maces & Flails
  1838 | D:3      | Noticed Lanoc's ghost (amateur FoFi)
  1838 | D:3      | Noticed Lanoc's ghost (amateur FoFi)
  1838 | D:3      | Noticed nikopol's ghost (amateur HOFi)
  1864 | D:3      | Killed Lanoc's ghost
  1864 | D:3      | Reached skill level 5 in Fighting
  1864 | D:3      | Reached XP level 6. HP: 25/40 MP: 6/6
  1873 | D:3      | Killed Lanoc's ghost
  1873 | D:3      | Reached XP level 7. HP: 28/44 MP: 7/7
  1880 | D:3      | Killed nikopol's ghost
  2063 | D:3      | Gained mutation: You have sharp toenails. [potion of
                  | mutation]
  2063 | D:3      | Gained mutation: Your muscles are strong. (Str +2) [potion
                  | of mutation]
  2063 | D:3      | Gained mutation: You are partially covered in molten
                  | scales. (AC +2) [potion of mutation]
  2069 | D:3      | Found an ornate altar of the Wu Jian Council.
  2119 | D:3      | Found a stormy altar of Qazlal.
  2937 | D:4      | Found a basalt altar of Yredelemnul.
  3024 | D:4      | Reached XP level 8. HP: 50/52 MP: 8/8
  3249 | D:4      | Noticed Pikel
  3270 | D:4      | Reached skill level 1 in Dodging
  3288 | D:4      | Killed Pikel
  3341 | D:4      | Reached skill level 5 in Armour
  3343 | D:4      | Reached XP level 9. HP: 56/56 MP: 9/9
  3350 | D:4      | Reached skill level 5 in Shields
  3469 | D:5      | Entered Level 5 of the Dungeon
  3649 | D:5      | Found a sparkling altar of Nemelex Xobeh.
  3834 | D:5      | Found Jixkogif's General Store.
  4126 | D:6      | Found Juha's Book Shop.
  4153 | D:6      | Found Ighopp's Food Boutique.
  4171 | D:6      | Noticed Duffy's ghost (novice NaGl)
  4172 | D:6      | Found a transporter.
  4176 | D:6      | Found a transporter.
  4202 | D:6      | Killed Duffy's ghost
  4292 | D:6      | Found Nouch's Assorted Antiques.
  4299 | D:6      | Found Gudgh's Gadget Boutique.
  4300 | D:6      | Bought a dented sapphire amulet for 125 gold pieces
  4300 | D:6      | Bought 2 amethyst potions for 45 gold pieces
  4484 | D:6      | Found a staircase to the Ecumenical Temple.
  4492 | D:6      | Found Sostayqu's Antique Weapon Shoppe.
  4826 | Temple   | Entered the Ecumenical Temple
  4876 | Temple   | Became a worshipper of the Shining One
  4965 | D:7      | Noticed a troll
  4968 | D:7      | Found a flagged portal.
  4981 | D:7      | Killed a troll
  5037 | Bailey   | Entered a bailey
  5263 | Bailey   | Noticed an orc knight
  5263 | Bailey   | Noticed an orc knight
  5482 | Bailey   | Got a transparent cloak
  5491 | Bailey   | Identified the +1 cloak of Grot {rF- MP+9 Str+4} (You found
                  | it in a bailey)
  5537 | D:7      | Noticed Joseph
  5571 | D:8      | Noticed Maurice
  5613 | D:9      | Reached XP level 10. HP: 33/63 MP: 12/12
  5795 | D:8      | Found a radiant altar of Vehumet.
  6134 | D:9      | Killed Maurice
  6134 | D:9      | Reached skill level 5 in Invocations
  6208 | D:8      | Found an ancient bone altar of Kikubaaqudgha.
  6246 | D:7      | Killed Joseph
  6274 | D:7      | Reached * piety under the Shining One
  6276 | D:7      | Noticed Harold
  6298 | D:7      | Killed Harold
  6301 | D:7      | Found a white marble altar of Elyvilon.
  6305 | D:7      | Noticed a two-headed ogre
  6317 | D:7      | Killed a two-headed ogre
  6466 | D:7      | Got a scorched morningstar
  6467 | D:7      | Identified the +8 morningstar of Xastrir {freeze, rC+} (You
                  | found it on level 7 of the Dungeon)
  6649 | D:7      | Reached XP level 11. HP: 71/71 MP: 16/16
  6959 | D:9      | Found a staircase to the Lair.
  6994 | D:9      | Reached skill level 10 in Maces & Flails
  7084 | D:9      | Reached ** piety under the Shining One
  7126 | D:9      | Found a hide-covered altar of Uskayaw.
  7488 | D:10     | Entered Level 10 of the Dungeon
  7608 | D:10     | Found Gosofoaze's Armour Shop.
  7609 | D:10     | Found a runed translucent gate.
  7609 | D:10     | Found a runed translucent gate.
  7609 | D:10     | Found a runed translucent gate.
  7613 | D:10     | Reached skill level 10 in Fighting
  7671 | D:10     | Noticed Duffy's ghost (journeyman NaGl)
  7691 | D:10     | Killed Duffy's ghost
  7711 | D:10     | Got the ring of Xom's Recklessness {Fire}
  7712 | D:10     | Identified the ring of Xom's Recklessness {Fire +Blink MR+
                  | Dex-2} (You found it on level 10 of the Dungeon)
  7743 | D:10     | Found a staircase to the Orcish Mines.
  7794 | D:10     | Found an iron altar of Okawaru.
  7799 | D:10     | Noticed a two-headed ogre
  7799 | D:10     | Reached *** piety under the Shining One
  7803 | D:10     | Killed a two-headed ogre
  8191 | D:11     | Noticed a two-headed ogre
  8198 | D:11     | Killed a two-headed ogre
  8485 | D:11     | Noticed an unseen horror
  8494 | D:11     | Reached XP level 12. HP: 57/79 MP: 18/18
  8714 | D:11     | Found a deep blue altar of Sif Muna.
  8772 | D:11     | Found a portal to a secret trove of treasure.
  9239 | D:12     | Reached skill level 10 in Invocations
  9274 | D:12     | Reached **** piety under the Shining One
  9956 | D:13     | Noticed a two-headed ogre
  9963 | D:13     | Killed a two-headed ogre
 10350 | D:13     | Reached skill level 1 in Evocations
 10411 | D:13     | Noticed a centaur warrior
 10414 | D:13     | Reached XP level 13. HP: 67/85 MP: 20/20
 10454 | D:13     | Found a gate to the Vaults.
 10597 | D:13     | Reached ***** piety under the Shining One
 10894 | Lair:1   | Entered Level 1 of the Lair of Beasts
 11011 | Lair:1   | Found a dark tunnel.
 11016 | Volcano  | Entered a volcano
 11219 | Volcano  | Reached skill level 5 in Evocations
 11974 | Lair:2   | Reached skill level 5 in Dodging
 12007 | Lair:2   | Found a staircase to the Shoals.
 12232 | D:5      | Bought a scroll of brand weapon for 240 gold pieces
 12232 | D:5      | Bought a scroll of acquirement for 624 gold pieces
 12724 | Lair:2   | Found a hole to the Spider Nest.
 12979 | Lair:3   | Got a twitching bone ring
 12982 | Lair:3   | Identified the ring "Moepun" {rElec rPois rF+ Dex+2} (You
                  | found it on level 3 of the Lair of Beasts)
 13596 | Lair:4   | Found a sparkling altar of Nemelex Xobeh.
 13627 | Lair:4   | Found a frozen archway.
 13636 | IceCv    | Entered an ice cave
 13986 | IceCv    | Gained mutation: Your large and strong wings let you fly
                  | indefinitely. [Gargoyle growth]
 13986 | IceCv    | Reached XP level 14. HP: 91/91 MP: 21/21
 14240 | IceCv    | Noticed a frost giant
 14261 | IceCv    | Killed a frost giant
 14476 | Lair:4   | Reached skill level 10 in Armour
 15185 | Lair:5   | Found a viscous altar of Jiyva.
 15185 | Lair:5   | Found a staircase to the Slime Pits.
 15601 | Lair:5   | Got an ichor-stained hand crossbow
 15602 | Lair:5   | Identified the cursed +1 hand crossbow of Corruption
                  | {speed, rF- rC+ Str+6} (You found it on level 5 of the Lair
                  | of Beasts)
 15790 | Lair:5   | Found a runed translucent gate.
 15790 | Lair:5   | Found a runed translucent gate.
 15790 | Lair:5   | Found a runed translucent gate.
 15813 | Lair:5   | Noticed kal9871's ghost (journeyman FoFi)
 15817 | Lair:5   | Found a viscous altar of Jiyva.
 15839 | Lair:5   | Demolished by an enormous slime creature

Levels and vault maps discovered:
D:1:      wheals_arrival_shading, layout_basic, nemelex_diamond_rough_becter
D:2:      layout_loops_ring, gammafunk_temple_overflow_statue, uniq_terence
D:3:      layout_loops_ring, nicolae_qazlal_general_emergency,
          lemuel_coloured_pillars_altar, gammafunk_ghost_cemetery
D:4:      layout_cave_pools, nicolae_overflow_crystal_walls, serial_undead,
          serial_undead_f, serial_undead_c, serial_undead_a, serial_undead_c,
          serial_undead_a, serial_undead_f, first_ration, uniq_pikel
D:5:      layout_loops_ring, serial_shops, nicolae_shop_stone, chequers_jeans,
          hex_medium, nemelex_spade_bored_becter
D:6:      layout_gridville, minmay_temple_entry_trees, gammafunk_ghost_hive,
          serial_shops, shop, nicolae_shop_statue_plus,
          nicolae_shop_statue_plus, shop, nicolae_shop_overgrown_old_shop
D:7:      layout_cave_pools, enter_bailey_7, the_bakery, minivault_1,
          nrook_mini_backslash, elyvilon_altar_4, uniq_harold, uniq_joseph
D:8:      layout_cave_pools, kennysheep_little_box, basic_altar, uniq_maurice
D:9:      layout_roguey, eat_drink_and_be_merry_uskayaw, minmay_lair_entry_grove
D:10:     layout_loops_cross, orc_david_3, gammafunk_ghost_icy,
          okawaru_metal_pillars_1_2
D:11:     layout_roguey, nicolae_trove_entry_columns, lemuel_blue_sif_altar
D:12:     layout_irregular_city
D:13:     layout_irregular_city, hangedman_vaults_entry_quadrant_bands
Temple:   eino_wide_crystal_templ
Lair:1:   layout_regular_city, enter_volcano_4
Lair:2:   layout_gridlike, elwin_shoals_entry_stream, spider_nest_entry_rubble
Lair:3:   layout_gridlike, minmay_lair_oklob_chamber
Lair:4:   pond_and_an_island_with_a_cottage, layout_long_grid,
          portal_ice_cave_entry_pillars_1, basic_altar,
          chequers_serial_rivers_marsh, lemuel_fruit_tree, grunt_megastairs_2
Lair:5:   layout_cave_pods, slime_altar_1, serial_bayou, serial_bayou_shore_a,
          serial_bayou_lagoon_a, serial_bayou_pond_e, serial_bayou_pond_a,
          serial_bayou_crossing, gammafunk_ghost_ooze, bobbens_dragon_lair_wall
Bailey:   bailey_polearm_1, bailey
IceCv:    ice_cave_caverns_02
Volcano:  volcano_pools

Skill      XL: |  1  2  3  4  5  6  7  8  9 10 11 12 13 14 |
---------------+-------------------------------------------+-----
Maces & Flails | 3 4 5 6 7 8 9 11 12 | 12.7
Fighting       | 4 5 6 7 9 10 11 12 | 12.8
Dodging        | 2 4 6 |  6.1
Armour         | 5 6 8 9 10 | 10.7
Shields        | 4 6 8 9 |  9.1
Invocations    | 3 6 9 10 11 | 11.8
Evocations     | 2 6 |  6.6

Action                   |  1- 3 |  4- 6 |  7- 9 | 10-12 | 13-15 || total
-------------------------+-------+-------+-------+-------+-------++-------
Melee: Flail             |    97 |   186 |   345 |   135 |       ||   763
       Kick              |       |       |    96 |   156 |   161 ||   413
       Morningstar       |       |       |       |   424 |   565 ||   989
       Unarmed           |       |       |       |     3 |       ||     3
Throw: Tomahawk          |       |       |     2 |       |       ||     2
Invok: Divine Shield     |       |       |       |     1 |     7 ||     8
       Cleansing Flame   |       |       |       |       |     4 ||     4
 Abil: Fly               |       |       |       |       |     1 ||     1
       Stop Flying       |       |       |       |       |     1 ||     1
Evoke: Wand              |       |       |       |       |    15 ||    15
  Use: Scroll            |     6 |     4 |    10 |    10 |     9 ||    39
       Potion            |       |     4 |     6 |     2 |     2 ||    14
 Stab: Invisible         |       |       |     7 |       |       ||     7
  Eat: Chunk             |       |     3 |     3 |     9 |     9 ||    24
       Ration            |       |       |     3 |     2 |     3 ||     8
Armor: Scale mail        |    67 |    37 |       |       |       ||   104
       Chain mail        |       |    64 |   163 |       |   216 ||   443
       Ring mail         |       |       |   121 |    31 |    32 ||   184
       Steam dragon scal |       |       |     7 |   244 |       ||   251
Dodge: Dodged            |    46 |    57 |   187 |   298 |   171 ||   759
Block: Shield            |    65 |    92 |   253 |   362 |   327 ||  1099

Table legend:
 A = Non-vault XP
 B = Vault XP
 C = Vault XP percentage of total XP
 D = Non-vault monster count
 E = Vault monster count
 F = Vault count percentage of total count
                 A         B        C        D         E       F
            +---------+---------+-------+---------+---------+-------
      Total |   36280 |   44511 |  55.1 |     357 |     191 |  34.9
            +---------+---------+-------+---------+---------+-------
        D:1 |      42 |       0 |   0.0 |      21 |       0 |   0.0
        D:2 |      70 |      36 |  34.0 |      23 |       1 |   4.2
        D:3 |     327 |     575 |  63.7 |      41 |       3 |   6.8
        D:4 |     333 |     985 |  74.7 |      14 |      17 |  54.8
        D:5 |     247 |       0 |   0.0 |      10 |       0 |   0.0
        D:6 |     106 |    1087 |  91.1 |       8 |       6 |  42.9
        D:7 |    2278 |    1748 |  43.4 |      25 |       7 |  21.9
        D:8 |     946 |       0 |   0.0 |      20 |       0 |   0.0
        D:9 |     846 |    2168 |  71.9 |      19 |      13 |  40.6
       D:10 |    2332 |    1905 |  45.0 |      19 |      15 |  44.1
       D:11 |    3127 |       0 |   0.0 |      24 |       0 |   0.0
       D:12 |    6217 |       0 |   0.0 |      39 |       0 |   0.0
       D:13 |    6149 |    5349 |  46.5 |      30 |      16 |  34.8
     Lair:1 |    2677 |       0 |   0.0 |      10 |       0 |   0.0
     Lair:2 |    1245 |    1558 |  55.6 |       8 |       5 |  38.5
     Lair:3 |    1068 |    1971 |  64.9 |       6 |       5 |  45.5
     Lair:4 |    3257 |    1797 |  35.6 |      13 |       9 |  40.9
     Lair:5 |    5013 |    6633 |  57.0 |      27 |      21 |  43.8
     Bailey |       0 |     293 | 100.0 |       0 |      15 | 100.0
      IceCv |       0 |   13187 | 100.0 |       0 |      52 | 100.0
    Volcano |       0 |    5219 | 100.0 |       0 |       6 | 100.0
            +---------+---------+-------+---------+---------+-------
